 Dungeon Crawl Stone Soup version 0.25-a0-668-gea548f1 (webtiles) character file.

Game seed: 8406129920943261560, levelgen mode: deterministic

3737 Faca the Slinger (level 10, -5/72 HPs)
             Began as a Halfling Hunter on Mar 28, 2020.
             Was a Believer of Okawaru.
             Slain by an orc knight
             ... wielding a +0 long sword
              (17 damage)
             ... on level 7 of the Dungeon.
             The game lasted 00:28:58 (12907 turns).

Faca the Slinger (Halfling Hunter)                 Turns: 12907, Time: 00:28:58

Health: -5/72      AC: 10    Str: 16    XL:     10   Next: 37%
Magic:  10/10      EV: 13    Int:  9    God:    Okawaru [**....]
Gold:   455        SH:  6    Dex: 16    Spells: 9/9 levels left

rFire    . . .     SeeInvis .   k - +0 rapier
rCold    + . .     Gourm    .   s - +2 buckler
rNeg     . . .     Faith    .   A - +1 ring mail {rC+}
rPois    +         Spirit   .   n - +0 helmet
rElec    .         Reflect  .   w - +0 cloak
rCorr    .         Harm     .   c - +1 pair of gloves
MR       .....                  (no boots)
Stlth    +.........             v - amulet of regeneration
HPRegen  0.62/turn              t - ring of poison resistance
MPRegen  0.12/turn              (no ring)

@: no status effects
A: small, mutation resistance 1
a: Heroism, Renounce Religion


You were on level 7 of the Dungeon.
You worshipped Okawaru.
Okawaru was pleased with you.
You were not hungry.

You visited 2 branches of the dungeon, and saw 9 of its levels.
You also visited: Sewer.

You collected 455 gold pieces.

Inventory:

Hand Weapons
 a - a +1 hunting sling
 k - a +0 rapier (weapon)
Missiles
 d - 52 sling bullets
 o - 224 stones (quivered)
Armour
 c - a +1 pair of gloves (worn)
 n - a +0 helmet (worn)
 s - a +2 buckler (worn)
 w - a +0 cloak (worn)
 A - a +1 ring mail of cold resistance (worn)
Jewellery
 t - a ring of poison resistance (left hand)
 v - an amulet of regeneration (around neck)
Wands
 b - a wand of flame (27)
 p - a wand of random effects (14)
Scrolls
 j - a scroll of enchant armour
 m - a scroll of blinking
 q - 5 scrolls of remove curse
 r - 3 scrolls of teleportation
Potions
 e - 3 potions of mutation
 g - a potion of might {unknown}
 h - a potion of resistance
 i - a potion of lignification
 l - a potion of ambrosia {unknown}
 u - a potion of berserk rage
 x - 2 potions of degeneration {unknown}
 z - 2 potions of haste
 B - a potion of curing
Comestibles
 f - 15 rations
 C - 2 chunks of flesh


   Skills:
 + Level 7.8 Fighting
 + Level 9.7 Short Blades
 + Level 12.7 Slings
 - Level 2.1 Dodging
 - Level 1.1 Stealth


You had 9 spell levels left.
You didn't know any spells.
Your spell library contained the following spells:

 Spells                   Type           Power        Failure   Level  Hunger
 Animate Skeleton         Necr           N/A          78%         1    ##.....
 Apportation              Tloc           #.....       78%         1    ##.....
 Corona                   Hex            #......      78%         1    ##.....
 Summon Small Mammal      Summ           #...         78%         1    ##.....


Dungeon Overview and Level Annotations

Branches:
Dungeon (8/15)             Temple (1/1) D:4           Sewer (visited)
   Lair: D:8-11

Altars:
Ashenzari
Cheibriados
Dithmenos
Elyvilon
Fedhas
Gozag
Hepliaklqana
Kikubaaqudgha
Makhleb
Nemelex Xobeh
Okawaru
Qazlal
Ru
Sif Muna
Trog
Uskayaw
Vehumet
Wu Jian
Xom
Yredelemnul
Zin
The Shining One

Annotations:
D:2 1 runed translucent door, Crazy Yiuf
D:8 2 transporters, dickylongcocking's ghost, novice NaSu


Innate Abilities, Weirdness & Mutations

You are small and have problems with some larger weapons.
You are somewhat resistant to further mutation.


Message History

The orc knight is heavily wounded.
The orc knight hits you with a +0 long sword!!
You hit the orc knight but do no damage.
The orc knight is heavily wounded.
You puncture the orc knight!
The orc knight is heavily wounded.
The orc knight hits you with a +0 long sword!
You hit the orc knight.
The orc knight is severely wounded.
You feel like a meek peon again.
There is a stone staircase leading up here.
You hit the orc knight but do no damage.
The orc knight is severely wounded.
The orc knight hits you with a +0 long sword.
The orc knight hits you with a +0 long sword!
* * * LOW HITPOINT WARNING * * *
You climb upwards.
There is a stone staircase leading down here.
The orc knight hits you with a +0 long sword!
You die...

..).## #....#### #####
##..### ########...#
#..........## ####
##..........## ##..##
#.........[.###..#.##
##.....##....#..###.##
####.)###...#..# ##.#
##### #).# ##.@##>#
### ....## #.##
#..o..# .....## #)#
##...## ####..# #)##
##### .# ##.###..# .##
##....## ..# ##..##
..# #### .##


You could see an orc knight.

Vanquished Creatures
  A hippogriff (D:7)
  Sigmund (D:5)
  An ice beast (D:5)
  3 orc warriors
  A sky beast (D:7)
  A phantom (D:7)
  2 centaurs
  2 ogres
  A big kobold (D:7)
  3 bullfrogs
  4 scorpions
  6 killer bees (D:7)
  A howler monkey (D:4)
  10 wights (D:6)
  A crimson imp (D:7)
  4 hounds
  2 centaur skeletons
  A jelly (D:7)
  A gnoll shaman (D:4)
  4 orc priests
  3 iguanas
  6 orc wizards
  Natasha (thrice) (D:3)
  3 worker ants
  Terence (D:2)
  3 hound skeletons
  A worker ant zombie (D:6)
  Robin (D:2)
  4 gnolls
  15 adders
  4 river rats (D:3)
  10 oozes
  2 adder skeletons
  7 worms
  A dart slug (D:3)
  16 leopard geckos
  33 orcs
  9 ball pythons
  13 giant cockroaches
  9 goblins
  13 hobgoblins
  10 jackals
  5 kobolds
  3 quokkas
  5 bats
  20 frilled lizards
  14 rats
264 creatures vanquished.

Notes
Turn   | Place    | Note
-------+----------+-------------------------------------------
     0 | D:1      | Faca the Halfling Hunter began the quest for the Orb.
     0 | D:1      | Reached XP level 1. HP: 14/14 MP: 1/1
   230 | D:1      | Reached skill level 6 in Slings
   230 | D:1      | Reached XP level 2. HP: 18/19 MP: 2/2
   250 | D:1      | Reached skill level 1 in Short Blades
   619 | D:1      | You fall into a shaft and drop 1 floor!
   674 | D:1      | Reached XP level 3. HP: 15/24 MP: 3/3
  1290 | D:2      | Noticed Terence
  1300 | D:2      | Killed Terence
  1300 | D:2      | Reached XP level 4. HP: 24/30 MP: 4/4
  1506 | D:2      | Found an ornate altar of the Wu Jian Council.
  1783 | D:2      | Found a faded altar of an unknown god.
  2080 | D:2      | Noticed Robin
  2108 | D:2      | Killed Robin
  2108 | D:2      | Reached XP level 5. HP: 17/36 MP: 5/5
  2593 | D:2      | Found a hide-covered altar of Uskayaw.
  2593 | D:2      | Found a blossoming altar of Fedhas.
  2598 | D:2      | Found a faded altar of an unknown god.
  2600 | D:2      | Found a sparkling altar of Nemelex Xobeh.
  2601 | D:2      | Found a faded altar of an unknown god.
  2606 | D:2      | Reached skill level 7 in Slings
  2809 | D:2      | Found a runed translucent door.
  2810 | D:2      | Noticed Crazy Yiuf
  2895 | D:3      | Noticed Natasha
  2901 | D:3      | Killed Natasha
  3005 | D:3      | Noticed Natasha
  3008 | D:3      | Killed Natasha
  3047 | D:3      | Found a shimmering altar of Xom.
  3144 | D:3      | Reached XP level 6. HP: 21/42 MP: 6/6
  3327 | D:3      | Found a glowing drain.
  3348 | Sewer    | Entered a sewer
  4232 | Sewer    | Reached skill level 8 in Slings
  4267 | Sewer    | Reached XP level 7. HP: 47/47 MP: 7/7
  4447 | D:3      | Noticed Natasha
  4458 | D:3      | Killed Natasha
  4494 | D:3      | You fall into a shaft and drop 2 floors!
  4494 | D:5      | Entered Level 5 of the Dungeon
  4495 | D:5      | Noticed Sigmund
  4889 | D:4      | Reached skill level 5 in Short Blades
  5801 | D:4      | Reached skill level 9 in Slings
  5801 | D:4      | Reached XP level 8. HP: 31/54 MP: 8/8
  6350 | D:4      | Found a sparkling altar of Nemelex Xobeh.
  6675 | D:4      | Reached skill level 5 in Fighting
  6848 | D:4      | Found a stormy altar of Qazlal.
  6876 | D:4      | Found a staircase to the Ecumenical Temple.
  6883 | Temple   | Entered the Ecumenical Temple
  6947 | Temple   | Became a worshipper of Warmaster Okawaru
  8554 | D:5      | Reached skill level 10 in Slings
  8857 | D:5      | Killed Sigmund
  8857 | D:5      | Reached XP level 9. HP: 62/62 MP: 9/9
  8861 | D:5      | You fall into a shaft and drop 2 floors!
  9978 | D:6      | Reached * piety under Okawaru
 10217 | D:6      | Reached skill level 11 in Slings
 10669 | D:6      | Found a glowing silver altar of Zin.
 10669 | D:6      | Found a shadowy altar of Dithmenos.
 11750 | D:7      | Reached ** piety under Okawaru
 11835 | D:7      | Reached XP level 10. HP: 62/71 MP: 10/10
 11892 | D:7      | Reached skill level 12 in Slings
 12558 | D:8      | Found a transporter.
 12558 | D:8      | Noticed dickylongcocking's ghost (novice NaSu)
 12559 | D:8      | Identified the +2 dire flail of the Dead {venom, Str+8
                  | Dex-5 Stlth+}
 12559 | D:8      | Identified the +8 dire flail of Daxkaoj {speed, rPois rC+
                  | Str-3}
 12559 | D:8      | Noticed a two-headed ogre
 12564 | D:8      | Found a transporter.
 12850 | D:8      | Noticed an orc knight
 12907 | D:7      | Slain by an orc knight

Levels and vault maps discovered:
D:1:      lightli_arrival_isolated_outpost, layout_basic
D:2:      layout_basic, chequers_temple_overflow_minitemple,
          overflow_temple_1_default, chequers_ecumenical_altar_twisty,
          uniq_crazy_yiuf_cottage, uniq_robin, uniq_terence
D:3:      minmay_inner_zag, layout_rooms, old_standard_altar,
          lightli_sewer_entry_pipes, uniq_natasha
D:4:      layout_cave_pools, lemuel_doored_altar,
          minmay_temple_entry_mini_moons, nemelex_diamond_rough_becter
D:5:      layout_basic, first_ration, uniq_sigmund
D:6:      layout_layer_cave, gammafunk_temple_overflow_wave
D:7:      layout_layer_cave
D:8:      layout_loops_corners, gammafunk_ghost_smash, grunt_pizzeria,
          kennysheep_just_a_vault
Temple:   nicolae_temple_great_sept

Skill      XL: |  1  2  3  4  5  6  7  8  9 10 |
---------------+-------------------------------+-----
Fighting       | 2 3 4 5 7 |  7.8
Slings         | 6 7 8 9 10 11 12 | 12.7
Short Blades   | 1 2 3 4 5 7 8 9 |  9.7
Dodging        | |  2.1
Stealth        | |  1.1

Action                   |  1- 3 |  4- 6 |  7- 9 | 10-12 || total
-------------------------+-------+-------+-------+-------++-------
Melee: Short sword       |   106 |   393 |   546 |       ||  1045
       Dagger            |       |       |   213 |    35 ||   248
       Long sword        |       |       |    17 |       ||    17
       Rapier            |       |       |       |   112 ||   112
 Fire: Hunting sling     |     3 |    46 |   163 |    53 ||   265
Invok: Heroism           |       |       |     2 |     2 ||     4
  Use: Scroll            |     4 |     4 |     8 |       ||    16
       Potion            |       |       |     1 |       ||     1
 Stab: Distracted        |       |       |     1 |       ||     1
       Sleeping          |       |       |     1 |       ||     1
  Eat: Chunk             |       |    12 |    25 |     3 ||    40
Armor: Leather armour    |    10 |       |       |       ||    10
       Ring mail         |    21 |   147 |   208 |    29 ||   405
Dodge: Dodged            |    82 |   289 |   397 |    56 ||   824
Block: Buckler           |       |       |   167 |    32 ||   199
       Rpst.: Long sword |       |       |     6 |       ||     6

Table legend:
 A = Non-vault XP
 B = Vault XP
 C = Vault XP percentage of total XP
 D = Non-vault monster count
 E = Vault monster count
 F = Vault count percentage of total count
                 A         B        C        D         E       F
            +---------+---------+-------+---------+---------+-------
      Total |    4523 |     816 |  15.3 |     179 |      85 |  32.2
            +---------+---------+-------+---------+---------+-------
        D:1 |      34 |       0 |   0.0 |      22 |       0 |   0.0
        D:2 |      70 |      65 |  48.1 |      16 |      11 |  40.7
        D:3 |     200 |     176 |  46.8 |      18 |      20 |  52.6
        D:4 |     548 |       0 |   0.0 |      28 |       0 |   0.0
        D:5 |     655 |     208 |  24.1 |      20 |       1 |   4.8
        D:6 |     736 |       0 |   0.0 |      23 |       0 |   0.0
        D:7 |    1790 |       0 |   0.0 |      42 |       0 |   0.0
        D:8 |     490 |     124 |  20.2 |      10 |       1 |   9.1
      Sewer |       0 |     243 | 100.0 |       0 |      52 | 100.0
            +---------+---------+-------+---------+---------+-------
